 Dungeon Crawl Stone Soup version 0.27.0-1-g7a089689b8 (webtiles) character file.

Game seed: 18004854011715919044

40 sanka the Ducker (level 3, 0/27 HPs)
             Began as a Merfolk Necromancer on Aug 7, 2021.
             Succumbed to an adder's poison
             ... on level 2 of the Dungeon.
             The game lasted 00:01:02 (1432 turns).

sanka the Ducker (Merfolk Necromancer)              Turns: 1432, Time: 00:01:03

Health: 0/27       AC:  2    Str:  8    XL:     3   Next: 50%
Magic:  6/6        EV: 13    Int: 14    God:
Gold:   52         SH:  0    Dex: 15    Spells: 5/6 levels left

rFire    . . .     SeeInvis .   h - +1 hand axe (distort)
rCold    . . .     Faith    .   (no shield)
rNeg     . . .     Spirit   .   a - +0 robe
rPois    .         Reflect  .   (no helmet)
rElec    .         Harm     .   (no cloak)
rCorr    .         Rampage  .   (no gloves)
Will     .....                  (no boots)
Stlth    ++........             (no amulet)
HPRegen  0.09/turn              (no ring)
MPRegen  0.10/turn              (no ring)

@: lethally poisoned (0 -> -1)
A: (nimble swimmer 2), mertail
a: no special abilities


You were on level 2 of the Dungeon.
You visited 1 branch of the dungeon, and saw 2 of its levels.

You collected 52 gold pieces.


Innate Abilities, Weirdness & Mutations

((You are quick and stealthy near water. (Stealth+, EV+, Speed+++)))
Your lower body shifts to a powerful aquatic tail in water.


   Skills:
 + Level 2.2 Fighting
 + Level 4.1 Dodging
 - Level 2.1 Stealth
 - Level 2.0 Spellcasting
 - Level 3.2 Necromancy


You had 5 spell levels left.
You knew the following spells:

 Your Spells              Type           Power      Damage    Failure   Level
z - Pain                  Necr           40%        1d6       6%          1

Your spell library contained the following spells:

 Spells                   Type           Power      Damage    Failure   Level
 Animate Skeleton         Necr           20%        N/A       6%          1
 Vampiric Draining        Necr           5%         2d6       19%         3
 Animate Dead             Necr           5%         N/A       52%         4
 Agony                    Necr           10%        N/A       86%         5

Inventory:

Hand Weapons
 h - a +1 hand axe of distortion (weapon)
Armour
 a - a +0 robe (worn)
Scrolls
 d - a scroll of vulnerability {unknown}
 e - 2 scrolls of amnesia {unknown}
 f - a scroll of enchant armour {unknown}
 g - a scroll of identify {unknown}

Dungeon Overview and Level Annotations

Branches:
Dungeon (2/15)

Altars:

▒.▒ ▒.▒ ▒..▒ ▒.▒
▒..▒ ▒<.▒ ▒.▒ ▒..▒
▒..▒ ▒.▒ ▒..▒▒▒..▒▒
▒)▒ ▒..▒▒..... ▒.▒
▒..▒▒...▒▒
▒▒▒.▒▒▒▒▒▒..▒▒.....
▒†m†...............
▒†▒▒▒.▒▒...).▒.....
▒. ▒.▒....†..▒.▒▒▒
.. ▒...........▒
▒.▒ ▒▒▒.......▒▒▒
▒. ▒▒.....▒▒ ▒.
.......▒▒ ▒▒
▒▒▒▒▒▒▒▒


There were no monsters in sight!


Message History

The jackal bites you.
* * * LOW HITPOINT WARNING * * *
The jackal misses you. The jackal misses you.
You miss the jackal.
The jackal is heavily wounded.
You hit the jackal.
The jackal blinks!
* * * LOW HITPOINT WARNING * * *
You feel sick. The jackal completely misses you. The jackal closely misses you.
The jackal misses you.
The jackal bites you but does no damage.
You hit the jackal but do no damage.
Space warps horribly around the jackal!
You kill the jackal!
You hit the jackal.
Space bends around the jackal.
You kill the jackal!
* * * LOW HITPOINT WARNING * * *
You feel sick.
No target in view!
It was a potion of cancellation.
You feel magically purged.
* * * LOW HITPOINT WARNING * * *
You feel sick.
It was a potion of magic.
Magic courses through your body.
You die...

Action                   || total
-------------------------++-------
Melee: Unarmed           ||    12
       Hand axe          ||    27
 Cast: Pain              ||    23
  Use: Potion            ||     2
 Stab: Sleeping          ||     2
Armor: Robe              ||     6
Dodge: Dodged            ||    49

Levels and vault maps discovered:
D:1:      lemuel_arrival_funnel, layout_loops_ring
D:2:      layout_loops_ring, minmay_increasing_density, uniq_natasha

Notes
Turn   | Place    | Note
-------+----------+-------------------------------------------
     0 | D:1      | sanka the Merfolk Necromancer began the quest for the Orb.
     0 | D:1      | Reached XP level 1. HP: 13/13 MP: 3/3
   285 | D:1      | Reached skill level 3 in Dodging
   327 | D:1      | Reached skill level 1 in Fighting
   527 | D:1      | Reached XP level 2. HP: 20/21 MP: 3/5
  1329 | D:2      | Reached XP level 3. HP: 20/27 MP: 6/6
  1428 | D:2      | Reached skill level 2 in Fighting
  1428 | D:2      | Reached skill level 4 in Dodging
  1429 | D:2      | HP: 2/27 [poisoned by an adder]
  1432 | D:2      | Succumbed to an adder's poison

Vanquished Creatures
  An adder (D:2)
  A dart slug (D:1)
  2 ball pythons (D:1)
  2 endoplasms (D:1)
  A goblin (D:2)
  4 hobgoblins (D:1)
  3 jackals (D:2)
  3 kobolds
  3 quokkas
  3 rats
23 creatures vanquished.
